 Dungeon Crawl Stone Soup version 0.31-a0-233-g139696dc86 (webtiles) character file.

Game seed: 14867147187609868402

58 qw the Shooter (level 4, 0/26 HPs)
             Began as a Gargoyle Hexslinger on July 8, 2023.
             Frozen to death by an endoplasm (5 damage)
             ... on level 2 of the Dungeon.
             The game lasted 00:00:35 (1176 turns).

qw the Shooter (Gargoyle Hexslinger)                Turns: 1176, Time: 00:00:36

Health: 0/26       AC:  9    Str: 11 (12) XL:     4   Next: 2%
Magic:  5/5        EV: 12    Int: 11 (13) God:
Gold:   56         SH:  0    Dex: 11 (14) Spells: 4/5 levels left

rFire   . . .        Y - +1 sling
rCold   . . .        (no shield)
rNeg    + . .        f - +2 robe {Will+}
rPois   inf          g - +2 hat
rElec   +            (no cloak)
rCorr   +            (no gloves)
SInv    .            (no boots)
Will    +....        (no amulet)
Stlth   +            d - ring of resist corrosion
HPRegen 0.24/turn    (no ring)
MPRegen 0.09/turn

%: no passive effects
@: no status effects
A: sickness immunity, AC +3, negative energy resistance 1, electricity
resistance, torment resistance 1, petrification resistance
a: no special abilities


You were on level 2 of the Dungeon.
You visited 1 branch of the dungeon, and saw 2 of its levels.

You collected 56 gold pieces.


Innate Abilities, Weirdness & Mutations

You are immune to sickness and miasma.
Your stone body is resilient. (AC +3)
You are immune to poison.
You resist negative energy. (rN+)
You are resistant to electric shocks. (rElec)
You are resistant to unholy torment.
You are immune to petrification.


   Skills:
 - Level 2.0 Fighting
 + Level 3.8 Ranged Weapons
 - Level 1.5 Dodging
 - Level 1.0 Spellcasting
 - Level 2.6 Hexes


You had 4 spell levels left.
You knew the following spells:

 Your Spells              Type           Power      Damage    Failure   Level
a - Slow                  Hex            24%        N/A       11%         1

Your spell library contained the following spells:

 Spells                   Type           Power      Damage    Failure   Level
 Inner Flame              Hex/Fire       3%         N/A       50%         3
 Portal Projectile        Hex/Tloc       6%         N/A       50%         3
 Cause Fear               Hex            3%         N/A       71%         4

Inventory:

Hand Weapons
 Y - a +1 sling (weapon)
Armour
 f - a +2 robe of willpower (worn)
 g - a +2 hat (worn)
Jewellery
 d - a ring of resist corrosion (left hand)
Scrolls
 a - a scroll of identify
Potions
 h - a potion of resistance {unknown}
 m - a potion of attraction {unknown}

Dungeon Overview and Level Annotations

Branches:
Dungeon (2/15)

Altars:

Annotations:
D:2 Sigmund


Message History

An endoplasm comes into view.
You shoot a sling bullet. The sling bullet hits Sigmund.
Sigmund is moderately wounded.
You shoot a sling bullet. The sling bullet barely misses the bat.
The bat hits you but does no damage.
You shoot a sling bullet.
The sling bullet hits Sigmund but does no damage.
Sigmund is moderately wounded.
The bat barely misses you.
You shoot a sling bullet. The sling bullet hits Sigmund.
Sigmund is moderately wounded.
The bat hits you but does no damage.
You shoot a sling bullet. The sling bullet barely misses Sigmund.
The bat hits you but does no damage. Sigmund casts a spell at you.
The magic dart hits you. Sigmund misses you.
You shoot a sling bullet.
The sling bullet barely misses the endoplasm.
The sling bullet hits Sigmund but does no damage.
Sigmund is moderately wounded.
The bat barely misses you. The bat hits you but does no damage.
The endoplasm freezes you.
You are frozen.
You shoot a sling bullet. The sling bullet hits the bat.
You kill the bat!
Sigmund gestures wildly while chanting.
Sigmund flickers and vanishes!
Deactivating autopickup; reactivate with Ctrl-A.
The endoplasm hits you.
You shoot a sling bullet.
The sling bullet barely misses the endoplasm.
Something hits you but does no damage. The endoplasm freezes you.
You are frozen.
You shoot a sling bullet. The sling bullet hits the endoplasm.
The endoplasm is almost dead.
Something hits you! The endoplasm freezes you.
You are frozen.
You die...

.####.####........# ...##)<
.....:..##.#......##.......
...####..(...#.....#....#..
## ###%..##.###.#.....
#..###.# #.#...# ......#.#
#.#...# .#...#...# #.%...#
#. #.####..###.....# . #.
##{J@......#
........%##.#..##
.............#....
...........###..#
#..........# ..#
...........# ..
...........# #...........


You could see an endoplasm.

Vanquished Creatures
  An adder (D:2)
  2 dart slugs (D:1)
  5 ball pythons
  4 endoplasms
  A giant cockroach (D:2)
  4 goblins (D:1)
  4 hobgoblins
  5 jackals (D:1)
  3 kobolds (D:1)
  A quokka (D:1)
  4 bats
  2 frilled lizards (D:1)
  5 rats
41 creatures vanquished.

Notes
Turn   | Place    | Note
-------+----------+-------------------------------------------
     0 | D:1      | qw the Gargoyle Hexslinger began the quest for the Orb.
     0 | D:1      | Reached XP level 1. HP: 12/12 MP: 2/2
     0 | D:1      | 0 ||| qw: Version: 0.3-a-46-gb1f654a
     0 | D:1      | 0 ||| qw: Game counter: 3620
     0 | D:1      | 0 ||| qw: Melee chars always use a shield: true
     0 | D:1      | 0 ||| qw: God list: Okawaru
     0 | D:1      | 0 ||| qw: Allow faded altars: false
     0 | D:1      | 0 ||| qw: Do Orc after clearing Dungeon:15 true
     0 | D:1      | 0 ||| qw: Do second Lair branch before Depths: true
     0 | D:1      | 0 ||| qw: Lair rune preference: random
     0 | D:1      | 0 ||| qw: Goals: Normal
     0 | D:1      | 0 ||| PLANNING D:1-11
   103 | D:1      | Reached XP level 2. HP: 16/16 MP: 3/3
   203 | D:1      | Reached skill level 3 in Ranged Weapons
   343 | D:1      | Reached XP level 3. HP: 20/21 MP: 4/4
   886 | D:1      | 886 ||| UPGRADING to +2 robe of willpower.
   896 | D:1      | 896 ||| DROPPING +0 robe.
   897 | D:1      | 897 ||| UPGRADING to +2 hat.
   902 | D:1      | 902 ||| UPGRADING to ring of resist corrosion.
   903 | D:1      | 903 ||| READING 2 scrolls labelled XANILO FIOMP.
   904 | D:1      | 904 ||| READING scroll labelled MYTECE DUIPI.
   922 | D:1      | 922 ||| READING scroll labelled BOUT CETUAR.
  1023 | D:1      | 1023 ||| READING scroll labelled ALAASADOMI.
  1024 | D:1      | 1024 ||| DRINKING 3 golden potions.
  1025 | D:1      | 1025 ||| DROPPING scroll of poison.
  1026 | D:1      | 1026 ||| DROPPING 2 potions of degeneration.
  1066 | D:2      | 1066 ||| STAIRDANCE
  1155 | D:2      | Reached XP level 4. HP: 24/26 MP: 5/5
  1166 | D:2      | Noticed Sigmund
  1176 | D:2      | HP: 5/26 [something (9)]
  1176 | D:2      | Frozen to death by an endoplasm

Levels and vault maps discovered:
D:1:      onia_arrival_mini_maze_b, layout_loops_ring
D:2:      layout_rooms, basic_altar, uniq_sigmund, uniq_natasha

Skill      XL: |  1  2 |
---------------+-------+-----
Ranged Weapons | 3 |  3.8
Fighting       | 2 |  2.0
Dodging        | |  1.5
Spellcasting   | |  1.0
Hexes          | |  2.6

Action                     |  1- 3 |  4- 6 || total
---------------------------+-------+-------++-------
   Fire: Sling             |   146 |    10 ||   156
    Use: Scroll            |     4 |       ||     4
         Potion            |     1 |       ||     1
 Armour: Robe              |    32 |     5 ||    37
  Dodge: Dodged            |    52 |     3 ||    55

Table legend:
 A = Non-vault XP
 B = Vault XP
 C = Vault XP percentage of total XP
 D = Non-vault monster count
 E = Vault monster count
 F = Vault count percentage of total count
                 A         B        C        D         E       F
            +---------+---------+-------+---------+---------+-------
      Total |      80 |       4 |   4.8 |      40 |       1 |   2.4
            +---------+---------+-------+---------+---------+-------
        D:1 |      54 |       4 |   6.9 |      31 |       1 |   3.1
        D:2 |      26 |       0 |   0.0 |       9 |       0 |   0.0
            +---------+---------+-------+---------+---------+-------
